Map: Central Protocol

Players

Joneahboii

  • Race: Zerg Zerg
  • League: Diamond

Tomaz - Winner!

  • Race: Zerg Zerg
  • League: Platinum

VOD

Have the link to the VOD?

Description

Time

  • Played on: Nov. 14, 2015, 9:46 p.m.
  • Length: 4:27
Show
View Real Time Build Order
Export as new Build Order

Joneahboii Zerg 

Build Orders: Hatch First 

Get SALT Encoding   

  12  0:01  Drone  
  13  0:13  Overlord  
  13  0:19  Drone  
  14  0:32  Drone x2  
  16  0:36  Drone  
  17  0:55  Hatchery, Drone  
  17  1:00  Drone  
  18  1:13  Extractor  
  18  1:14  Spawning Pool  
  18  1:17  Drone  
  17  1:19  Drone  
  18  1:34  Overlord  
  18  1:40  Drone  
  19  1:51  Drone  
  20  2:00  Queen  
  22  2:01  Drone  
  23  2:08  Queen  
  23  2:10  Drone  
  23  2:12  Drone  
  23  2:14  Metabolic Boost  
  27  2:19  Drone  
  28  2:24  Drone  
  29  2:30  Drone  
  29  2:35  Baneling Nest, Drone  
  30  2:44  Zergling x2  
  30  2:45  Zergling x2  
  30  2:50  Drone  
  33  2:53  Spine Crawler  
  33  2:55  Spine Crawler, Zergling x2  
  32  3:02  Zergling x2  
  30  3:07  Zergling x2  
  30  3:12  Spine Crawler  
  23  3:19  Overlord  
  23  3:21  Overlord  
  23  3:23  Baneling  
  9  3:45  Zergling x2  
  9  3:48  Baneling  
  10  3:50  Zergling x2  
  11  3:56  Zergling x2  
  11  4:01  Zergling x2  
Show
View Real Time Build Order
Export as new Build Order

Tomaz Zerg - Winner!

Build Orders: Pool Only, Zergling Baneling 

Get SALT Encoding   

  12  0:20  Spawning Pool  
  11  0:23  Extractor  
  11  0:24  Drone  
  11  0:30  Drone  
  12  0:36  Drone  
  13  0:46  Overlord  
  13  0:55  Drone  
  14  1:10  Queen  
  16  1:23  Metabolic Boost  
  16  1:25  Zergling x2  
  17  1:28  Zergling x2  
  17  1:31  Zergling x2  
  19  1:37  Zergling x2  
  20  1:50  Baneling Nest  
  20  1:53  Overlord  
  19  1:59  Zergling x2  
  20  2:09  Zergling x2  
  21  2:20  Zergling x4  
  21  2:21  Zergling x2  
  24  2:28  Zergling x2  
  25  2:34  Zergling x2  
  26  2:45  Zergling x2  
  27  2:51  Baneling  
  27  2:52  Baneling x4  
  27  2:54  Zergling x2  
  27  2:55  Zergling x2  
  29  3:02  Zergling x4  
  28  3:14  Zergling x2  
  25  3:27  Zergling x2  
  23  3:34  Baneling  
  23  3:35  Baneling x2  
  23  3:40  Zergling x4  
  23  3:41  Zergling x2  
  25  3:44  Baneling  
  25  3:59  Zergling x4  
Tags
 
Add a new tag
Caveats
  • Supply blocks, unpowered buildings, or Contaminate may cause inaccurate times.
  • Supply counts are checked every 10 seconds.